 Dungeon Crawl Stone Soup version 0.29-a0-362-g5854e031c7 (webtiles) character file.

Game seed: 14617994169220445425

2194 Shayle the Sneak (level 9, -2/55 HPs)
             Began as a Tengu Brigand on Apr 29, 2022.
             Was an Initiate of Ashenzari.
             Slain by a gnoll
             ... wielding a +2 halberd of freezing
              (12 damage)
             ... on level 8 of the Dungeon.
             The game lasted 00:31:51 (7991 turns).

Shayle the Sneak (Tengu Brigand)                    Turns: 7991, Time: 00:31:51

Health: -2/55      AC: 11    Str: 12    XL:     9   Next: 34%
Magic:  17/17      EV: 15    Int: 16    God:    Ashenzari [......]
Gold:   208        SH:  0    Dex: 15    Spells: 17/18 levels left

rFire   + . .      SeeInvis .   k - +2 demon blade (venom)
rCold   + . .      Faith    .   (no shield)
rNeg    . . .      Spirit   .   t - +1 ring mail {rF+}
rPois   .          Reflect  .   p - +1 hat
rElec   .          Harm     .   c - +0 cloak
rCorr   .          Rampage  .   g - +2 pair of gloves "Sureet" {rC+}
Will    .....                   (boots unavailable)
Stlth   +.........              (no amulet)
HPRegen 0.18/turn               (no ring)
MPRegen 0.15/turn               (no ring)

@: confused, ambrosia-drunk, flying quickly and evasively, quick
A: beak, talons 3, nimble flight
a: Renounce Religion, Curse Item


You were on level 8 of the Dungeon.
You worshipped Ashenzari.
Ashenzari was noncommittal.
You visited 2 branches of the dungeon, and saw 9 of its levels.

You collected 208 gold pieces.

Inventory:

Hand Weapons
 a - a +2 dagger
 k - a +2 demon blade of venom (weapon)
 C - a +1 dagger of draining
Missiles
 d - 19 poisoned darts (quivered)
 B - a curare-tipped dart
Armour
 c - a +0 cloak (worn)
 g - the +2 pair of gloves "Sureet" (worn) {rC+}
   (You acquired it on level 5 of the Dungeon)

   rC:        It protects you from cold.
 p - a +1 hat (worn)
 t - a +1 ring mail of fire resistance (worn)
Magical Staves
 A - a staff of death
Jewellery
 x - a ring of see invisible
 z - a ring of resist corrosion
Wands
 b - a wand of digging (4)
 l - a wand of acid (5)
 m - a wand of mindburst (8)
Scrolls
 e - 3 scrolls of identify
 f - a scroll of silence
 j - a scroll of amnesia
 r - a scroll of teleportation
 s - 2 scrolls of magic mapping
 u - a scroll of immolation
 y - a scroll of brand weapon {unknown}
Potions
 o - a potion of mutation
 q - a potion of lignification
 v - a potion of berserk rage
 w - 2 potions of degeneration
 D - a potion of flight {unknown}


   Skills:
 + Level 6.2 Fighting
 - Level 2.1(2.4) Short Blades
 + Level 1.3(2.0) Long Blades
 - Level 2.0 Throwing
 + Level 6.5 Dodging
 + Level 7.7 Stealth
 + Level 5.3 Spellcasting


You had 17 spell levels left.
You knew the following spells:

 Your Spells              Type           Power      Damage    Failure   Level
a - Foxfire               Conj/Fire      16%        2x1d4     34%         1

Your spell library contained the following spells:

 Spells                   Type           Power      Damage    Failure   Level
 Magic Dart               Conj           16%        1d3       34%         1
 Searing Ray              Conj           8%         2d4       45%         2
 Conjure Flame            Conj/Fire      4%         6-21      71%         3
 Gell's Gravitas          Tloc           4%         N/A       71%         3
 Inner Flame              Hex/Fire       4%         N/A       71%         3
 Teleport Other           Tloc           4%         N/A       71%         3
 Flame Wave               Conj/Fire      4%         2d5       98%         4
 Fulminant Prism          Conj/Hex       2%         3d6       98%         4
 Dispersal                Tloc           2%         N/A       100%        6


Dungeon Overview and Level Annotations

Branches:
Dungeon (8/15)             Temple (1/1) D:6
   Lair: D:8-11

Altars:
Ashenzari
Cheibriados
Dithmenos
Elyvilon
Gozag
Hepliaklqana
Kikubaaqudgha
Makhleb
Qazlal
Ru
Sif Muna
Uskayaw
Vehumet
Wu Jian
Xom
Yredelemnul
The Shining One

Shops:
D:3 (

Annotations:
D:3 1 runed translucent door, Crazy Yiuf
D:6 3 runed translucent doors, Antichthon's ghost, novice FoHu
D:7 1 runed translucent door, Slifar's ghost, novice DrCj


Innate Abilities, Weirdness & Mutations

You have a beak for a mouth.
You have claws for feet.
Your magical nature lets you fly swiftly and evasively.


Message History

The gnoll closely misses you.
The gnoll hits you but does no damage. x2
The gnoll closely misses you. x2
Unknown command.
You closely miss the gnoll.
The gnoll is heavily wounded.
The gnoll closely misses you.
The gnoll hits you from afar with a +2 halberd of freezing!
* * * LOW HITPOINT WARNING * * *
The gnoll freezes you.
* * * LOW HITPOINT WARNING * * *
The gnoll closely misses you.
The gnoll hits you from afar with a +0 spear.
* * * LOW HITPOINT WARNING * * *
The gnoll closely misses you.
You feel much better. The gnoll barely misses you.
The gnoll hits you with a +0 halberd. The gnoll hits you but does no damage.
The gnoll misses you. The gnoll hits you but does no damage.
You hit the gnoll.
You kill the gnoll!
The gnoll misses you. The gnoll closely misses you.
The gnoll hits you from afar with a +2 halberd of freezing!
The gnoll freezes you. The gnoll hits you but does no damage.
The gnoll hits you with a +0 halberd.
* * * LOW HITPOINT WARNING * * *
The gnoll hits you with a +2 halberd of freezing.
* * * LOW HITPOINT WARNING * * *
The gnoll hits you but does no damage.
You slash the gnoll! You claw the gnoll, but do no damage.
Your peck misses the gnoll.
The gnoll is severely wounded.
The gnoll closely misses you. The gnoll barely misses you.
The gnoll completely misses you. The gnoll hits you with a +0 spear.
* * * LOW HITPOINT WARNING * * *
Unknown command.
You are confused.
You feel invigorated. The gnoll misses you.
The gnoll hits you with a +0 halberd.
* * * LOW HITPOINT WARNING * * *
The gnoll hits you with a +2 halberd of freezing!
You die...

######## # #
##......##.#
##.##...........
#...............
......)g>...##..
......g@........
......gg!...##..
#...............
#...........##..
##..........# .
.>..........#
..$.......###
........... ..
..


You could see 4 gnolls.

Vanquished Creatures
  A troll (D:6)
  2 water moccasins
  An ice beast (D:7)
  2 centaurs
  A sky beast (D:4)
  2 ogres (D:6)
  2 necrophages (D:7)
  2 wyvern zombies (D:6)
  3 scorpions
  A water moccasin zombie (D:6)
  A wight (D:8)
  A howler monkey (D:5)
  A jelly (D:5)
  A centaur zombie (D:6)
  A gnoll shaman (D:8)
  2 bullfrog zombies (D:6)
  A hound (D:6)
  6 iguanas
  3 orc wizards
  7 gnolls
  8 adders
  A shadow imp (D:6)
  A white imp (D:4)
  2 ufetubi (D:6)
  3 worms (D:3)
  2 dart slugs
  18 orcs
  10 ball pythons
  5 bats
  5 endoplasms
  4 giant cockroaches
  6 goblins
  8 hobgoblins
  15 jackals
  8 kobolds
  5 quokkas
  9 rats
151 creatures vanquished.

Vanquished Creatures (others)
  25 foxfires
  13 plants
38 creatures vanquished.

Grand Total: 189 creatures vanquished

Notes
Turn   | Place    | Note
-------+----------+-------------------------------------------
     0 | D:1      | Shayle the Tengu Brigand began the quest for the Orb.
     0 | D:1      | Reached XP level 1. HP: 12/12 MP: 2/2
    87 | D:1      | Reached XP level 2. HP: 11/17 MP: 3/3
   603 | D:1      | Reached XP level 3. HP: 22/22 MP: 5/5
   630 | D:1      | Reached skill level 1 in Spellcasting
   850 | D:1      | Found a faded altar of an unknown god.
   921 | D:2      | Learned a level 1 spell: Foxfire
  1238 | D:2      | Found an opulent altar of Gozag.
  1702 | D:2      | Reached XP level 4. HP: 27/27 MP: 4/7
  2245 | D:3      | Found Arreum's Antique Weapon Boutique.
  2292 | D:3      | Found an ornate altar of the Wu Jian Council.
  2545 | D:3      | Gained mutation: Your magical nature lets you fly swiftly
                  | and evasively. [Tengu growth]
  2545 | D:3      | Reached XP level 5. HP: 29/32 MP: 8/8
  2596 | D:3      | Found a shimmering altar of Xom.
  2994 | D:3      | Found a runed translucent door.
  2995 | D:3      | Noticed Crazy Yiuf
  3236 | D:3      | Reached skill level 5 in Stealth
  3315 | D:3      | Reached XP level 6. HP: 26/37 MP: 10/10
  4381 | D:4      | Found a stormy altar of Qazlal.
  4381 | D:4      | Noticed a sky beast
  4391 | D:4      | Killed a sky beast
  4595 | D:5      | Entered Level 5 of the Dungeon
  4624 | D:5      | Reached XP level 7. HP: 43/43 MP: 12/12
  4762 | D:5      | Identified a scroll of acquirement
  4762 | D:5      | Acquired the +2 pair of gloves "Sureet" {rC+}
  5114 | D:5      | Reached skill level 6 in Stealth
  5761 | D:6      | Found a staircase to the Ecumenical Temple.
  5768 | Temple   | Entered the Ecumenical Temple
  5809 | Temple   | Became a worshipper of Ashenzari the Shackled
  5853 | D:6      | Reached XP level 8. HP: 48/48 MP: 14/14
  5920 | D:6      | Found a runed translucent gate.
  5921 | D:6      | Found a runed translucent gate.
  5921 | D:6      | Found a runed translucent gate.
  5922 | D:6      | Found an opulent altar of Gozag.
  5923 | D:6      | Noticed a vampire
  5923 | D:6      | Noticed Antichthon's ghost (novice FoHu)
  5923 | D:6      | Noticed a cyclops
  5923 | D:6      | Noticed a wraith
  5979 | D:6      | Found a glowing golden altar of the Shining One.
  6154 | D:6      | Reached skill level 5 in Fighting
  6154 | D:6      | Reached skill level 5 in Dodging
  6189 | D:6      | Noticed a troll
  6212 | D:6      | Killed a troll
  6440 | D:6      | Reached skill level 7 in Stealth
  6560 | D:6      | Found a basalt altar of Yredelemnul.
  7076 | D:7      | Reached XP level 9. HP: 43/55 MP: 17/17
  7194 | D:7      | Reached skill level 5 in Spellcasting
  7742 | D:6      | Acquired a +2 demon blade of venom
  7904 | D:7      | Reached skill level 1 in Long Blades
  7916 | D:7      | Found a runed translucent door.
  7916 | D:7      | Noticed Slifar's ghost (novice DrCj)
  7991 | D:8      | Slain by a gnoll

Illustrated notes

Levels and vault maps discovered:
D:1:      minmay_arrival_stair_chambers, layout_loops_ring,
          shapermc_ecumenical_altar_mp_vishouse, serial_bayou_ford_a
D:2:      layout_loops_ring, basic_altar, nicolae_grassy_gnolls
D:3:      layout_basic, mainiacjoe_overflow_catwalk_spiral, serial_shops,
          nicolae_shop_trees, kennysheep_generic_room_13,
          uniq_crazy_yiuf_cottage
D:4:      layout_cave_pools, nicolae_qazlal_scattered_showers
D:5:      layout_basic
D:6:      layout_loops_ring, nicolae_tso_swordbearing_angel,
          nicolae_yredelemnul_corpse_copse, minmay_temple_entry_overgrown,
          ebering_ghost_gozag
D:7:      layout_cave_pools, gammafunk_ghost_grave, minivault_23
D:8:      layout_cave_pools, lair_entry_dummy, chequers_hall_statues_y
Temple:   nicolae_temple_god_jail

Skill      XL: |  1  2  3  4  5  6  7  8  9 |
---------------+----------------------------+-----
Spellcasting   | 1 2 3 4 5 |  5.3
Dodging        | 2 3 4 6 |  6.5
Fighting       | 3 4 5 6 |  6.2
Stealth        | 5 6 7 |  7.7
Long Blades    | 1 |  1.3
Short Blades   | |  2.1
Throwing       | |  2.0

Action                   |  1- 3 |  4- 6 |  7- 9 || total
-------------------------+-------+-------+-------++-------
Melee: Dagger            |    71 |   200 |   212 ||   483
       Kick              |    17 |    66 |    72 ||   155
       Peck              |    12 |    27 |    62 ||   101
       Punch             |     1 |     1 |     3 ||     5
       Demon blade       |       |       |    34 ||    34
Throw: Dart              |       |     3 |    14 ||    17
 Cast: Foxfire           |    12 |     4 |       ||    16
  Use: Scroll            |       |     5 |    12 ||    17
       Potion            |       |       |     7 ||     7
 Stab: Sleeping          |     5 |     5 |    11 ||    21
       Distracted        |       |     2 |       ||     2
Armor: Ring mail         |    22 |    63 |   109 ||   194
       Skin              |       |       |     2 ||     2
Dodge: Dodged            |    42 |   160 |   188 ||   390

Table legend: (Time is in decaauts)
 A = Elapsed time spent in this place.
 B = Non-inter-level travel time spent in this place.
 C = Inter-level travel time spent in this place.
 D = Time resting spent in this place.
 E = Time spent auto-exploring this place.
 F = Levels seen in this place.
 G = Mean time per level.
                   A        B        C        D        E       F      G
               +--------+--------+--------+--------+--------+-----+--------+
         Total |   7660 |   7400 |    260 |   1198 |   4245 |   9 |  851.1 |
       Dungeon |   7611 |   7363 |    248 |   1198 |   4245 |   8 |  951.4 |
        Temple |     49 |     38 |     11 |      0 |      0 |   1 |   49.0 |
               +--------+--------+--------+--------+--------+-----+--------+

Top non-repeatable levels by time:
     D:3: 1743 daAuts
     D:6: 1348 daAuts
     D:1: 1208 daAuts
     D:5: 1086 daAuts
     D:2: 947 daAuts
     D:7: 662 daAuts
     D:4: 568 daAuts
  Temple: 49 daAuts
     D:8: 45 daAuts
